 Dungeon Crawl Stone Soup version 0.17-a0-1617-gfba1302 (webtiles) character file.

31 thrall606 the Firebug (level 3, 6/24 HPs)
             Began as a Demonspawn Fire Elementalist on Aug 1, 2015.
             Quit the game on level 2 of the Dungeon.
             The game lasted 00:05:24 (1030 turns).

thrall606 the Firebug (DsFE)                        Turns: 1030, Time: 00:05:24

Health: 6/24       AC:  4    Str:  8    XL:     3   Next: 7%
Magic:  2/6        EV: 12    Int: 17    God:
Gold:   24         SH:  0    Dex: 13    Spells: 2 memorised, 3 levels left

rFire  . . .     SeeInvis .     e - +0 club
rCold  . . .     Clarity  .     a - +0 robe
rNeg   . . .     SustAt   .     (no shield)
rPois  .         Gourm    .     (no helmet)
rElec  .         Spirit   .     (no cloak)
rCorr  .         Warding  .     (no gloves)
rMut   .         Stasis   .     (no boots)
MR     .....                    (no amulet)
Stlth  ++........               (no ring)
                                (no ring)

@: mildly poisoned (6 -> 5), not resistant to hostile enchantments, unstealthy
A: yellow scales 1, powered by pain 1
a: no special abilities


You were on level 2 of the Dungeon.
You were not hungry.

You visited 1 branch of the dungeon, and saw 2 of its levels.

You collected 24 gold pieces.

Inventory:

Hand weapons
 e - a +0 club (weapon)
Armour
 a - a +0 robe (worn)
Scrolls
 d - a scroll of remove curse {unknown}
Books
 b - a book of Flames

   Spells                             Type                      Level
   a - Flame Tongue                   Conjuration/Fire             1
   b - Throw Flame                    Conjuration/Fire             2
   c - Conjure Flame                  Conjuration/Fire             3
   d - Inner Flame                    Hexes/Fire                   3
   e - Sticky Flame                   Conjuration/Fire             4
   f - Fireball                       Conjuration/Fire             5
Comestibles
 c - a chunk of flesh
 f - a royal jelly
 g - a meat ration


   Skills:
 + Level 2.1 Dodging
 + Level 2.1 Stealth
 + Level 2.2 Spellcasting
 + Level 1.2 Conjurations
 + Level 3.1 Fire Magic


You had 3 spell levels left.
You knew the following spells:

 Your Spells              Type           Power        Failure   Level  Hunger
a - Flame Tongue          Conj/Fire      #....        10%         1    #......
b - Throw Flame           Conj/Fire      #.....       14%         2    ###....


Dungeon Overview and Level Annotations

Branches:
Dungeon (2/15)

Altars:


Innate Abilities, Weirdness & Mutations

You are partially covered in yellow scales (AC +2).
You sometimes gain a little power by taking damage.


Message History

Aiming: Flame Tongue
Press: ? - help, Shift-Dir - straight line, f/p - jackal
Aim: a jackal (moderately wounded)
The flame tongue misses the jackal.
The adder barely misses you. The jackal barely misses you.
You feel sick. The adder bites you. The jackal bites you.
There is a stone staircase leading up here.
Found 21 stones.
The adder closely misses you. The adder bites you but does no damage.
The jackal bites you.
* * * LOW HITPOINT WARNING * * *
You feel sick. The jackal misses you. The adder barely misses you.
You feel sick.
The jackal bites you but does no damage.
Your magical contamination has completely faded away.
The adder closely misses you.
Found a short sword.
Are you sure you want to abandon this character and quit the game? (Confirm with "yes".)

....... .....
##†..% ....#
#..####
#..##.###
#.<.....# ###
#....†..###...#
#......hS@.#
###....$##.#
#.....# )#
##.#### .# #.#
.# #.# .# ..(
.. #.# #.


You could see an adder and a jackal.

Vanquished Creatures
  A ball python (D:1)
  A giant cockroach (D:1)
  4 goblins (D:1)
  2 hobgoblins (D:1)
  6 jackals
  6 bats (D:1)
  A giant gecko (D:1)
  A giant newt (D:1)
  2 kobolds (D:1)
  5 rats
29 creatures vanquished.

Notes
Turn   | Place    | Note
--------------------------------------------------------------
     0 | D:1      | thrall606 the Demonspawn Fire Elementalist began the quest for the Orb.
     0 | D:1      | Reached XP level 1. HP: 13/13 MP: 3/3
   116 | D:1      | Reached skill level 3 in Fire Magic
   150 | D:1      | Gained mutation: You are partially covered in yellow scales (AC +2). [demonic ancestry]
   150 | D:1      | Reached XP level 2. HP: 19/19 MP: 3/5
   316 | D:1      | Learned a level 2 spell: Throw Flame
   819 | D:1      | Gained mutation: You sometimes gain a little power by taking damage. [demonic ancestry]
   819 | D:1      | Reached XP level 3. HP: 20/24 MP: 3/6
  1030 | D:2      | Quit the game

Vault maps used:
D:1:      sevenhm_arrival_forest_fort_large_4
D:2:      lemuel_blue_sif_altar, gammafunk_temple_overflow_forgotten,
          ecumenical_altar_1

Action                   || total
-------------------------++-------
Melee: Club              ||    40
       Unarmed           ||     3
 Cast: Flame Tongue      ||    48
  Use: Scroll            ||     1
 Stab: Sleeping          ||     1
  Eat: Bread ration      ||     1
